 Dungeon Crawl Stone Soup version 0.23-a0-325-gb46b2e5 (webtiles) character file.

210 BingusPrime the Vexing (level 5, 40/40 HPs)
             Began as a Fungoid Arcane Marksman on Oct 27, 2018.
             Quit the game on level 3 of the Dungeon.
             The game lasted 00:09:43 (2161 turns).

BingusPrime the Vexing (Fungoid Arcane Marksman)    Turns: 2161, Time: 00:09:43

Health: 40/40      AC:  2    Str: 12    XL:     5   Next: 88%
Magic:  7/7        EV: 13    Int: 13    God:
Gold:   103        SH:  5    Dex: 14    Spells: 6/7 levels left

rFire    . . .     SeeInvis .   j - +0 halberd
rCold    . . .     Gourm    .   (shield currently unavailable)
rNeg     + . .     Faith    .   a - +0 robe
rPois    .         Spirit   .   (no helmet)
rElec    .         Reflect  +   (no cloak)
rCorr    .         Harm     .   (no gloves)
MR       .....                  (boots unavailable)
Stlth    ++........             g - +5 amulet of reflection
HPRegen  0.13/turn              n - ring of wizardry
MPRegen  0.10/turn              (no ring)

@: very slow
A: no boots, spores, negative energy resistance 1, slowness 3
a: no special abilities


You were on level 3 of the Dungeon.
You were not hungry.

You visited 1 branch of the dungeon, and saw 3 of its levels.

You collected 103 gold pieces.

Inventory:

Hand Weapons
 j - a +0 halberd (weapon)
Missiles
 r - 3 javelins (quivered)
Armour
 a - a +0 robe (worn)
 h - a +0 pair of boots
Jewellery
 g - a +5 amulet of reflection (around neck)
 n - a ring of wizardry (left hand)
Wands
 q - a wand of iceblast (3)
Scrolls
 b - 2 scrolls of amnesia {unknown}
 d - a scroll of enchant armour {unknown}
 i - 3 scrolls of identify
 k - 2 scrolls of blinking {unknown}
 l - 2 scrolls of teleportation {unknown}
 o - a scroll of fog {unknown}
 p - a scroll of remove curse {unknown}
 s - a scroll of magic mapping {unknown}
Potions
 c - a potion of ambrosia {unknown}
 e - a potion of heal wounds {unknown}
 m - 2 potions of flight
Comestibles
 f - 4 rations
 t - 2 chunks of flesh


   Skills:
 * Level 1.1 Fighting
 + Level 1.1 Polearms
 + Level 3.6 Throwing
 + Level 2.8 Dodging
 + Level 1.5 Stealth
 + Level 2.0 Unarmed Combat
 + Level 1.6 Spellcasting
 + Level 4.5 Hexes


You had 6 spell levels left.
You knew the following spells:

 Your Spells              Type           Power        Failure   Level  Hunger
a - Corona                Hex            ##.....      1%          1    ##.....

Your spell library contained the following spells:

 Spells                   Type           Power        Failure   Level  Hunger
 Slow                     Hex            ##......     2%          2    ###....
 Inner Flame              Hex/Fire       #.......     12%         3    ####...
 Portal Projectile        Hex/Tloc       #.....       12%         3    ####...
 Cause Fear               Hex            ##........   16%         4    #####..
 Leda's Liquefaction      Hex/Erth       #.........   38%         4    #####..


Dungeon Overview and Level Annotations

Branches:
Dungeon (3/15)

Altars:

Annotations:
D:2 1 runed door


Innate Abilities, Weirdness & Mutations

You have roots in place of feet.
You sometimes release spores when you attack.
You resist negative energy. (rN+)
You cover ground extremely slowly.


Message History

You see here a rat corpse.
The bat is too close now for your liking.
A bat is nearby!
You block the bat's attack.
You see here a javelin.
You release spores at the bat.
The bat appears confused.
You slash the bat!
You kill the bat!
No target in view!
No target in view!
r - 3 javelins (gained 1)
Found a hand crossbow.
You see here a hand crossbow.
Unknown command.
Unknown command.
Unknown command.
Unknown command.
Unknown command.
Unknown command.
Unknown command.
Are you sure you want to abandon this character and quit the game? (Confirm

#.# #.# #.########.#
#.####.###.# #...
#..........# ###.#. #
#.......##.# ##...#.
#.#.......# #..####
#........# #.†..#.
#.#.......# ##(##.#.
#
#.......##.###.†.#...
#...@..........#.##.#
#.......#...##.†>##.#
#####.##.#...........
.. .........(...
.####.########## ..
...# ## #


There were no monsters in sight!

Vanquished Creatures
  A hound (D:3)
  An iguana (D:3)
  A worker ant (D:3)
  2 adders
  4 gnolls (D:3)
  5 dart slugs
  A leopard gecko (D:1)
  2 ball pythons
  5 giant cockroaches
  7 goblins
  2 hobgoblins
  8 kobolds
  4 quokkas
  9 bats
  4 frilled lizards
  12 rats
68 creatures vanquished.

Notes
Turn   | Place    | Note
-------+----------+-------------------------------------------
     0 | D:1      | BingusPrime the Fungoid Arcane Marksman began the quest for
                  | the Orb.
     0 | D:1      | Reached XP level 1. HP: 16/16 MP: 2/2
   104 | D:1      | Reached XP level 2. HP: 23/23 MP: 3/3
   131 | D:1      | Reached skill level 4 in Hexes
   484 | D:2      | Reached XP level 3. HP: 28/28 MP: 4/4
   895 | D:2      | Reached skill level 1 in Unarmed Combat
   971 | D:2      | Reached skill level 1 in Stealth
   971 | D:2      | Reached XP level 4. HP: 27/35 MP: 5/5
  1152 | D:2      | Found a runed door.
  1652 | D:3      | Reached XP level 5. HP: 29/40 MP: 6/6
  1961 | D:3      | Reached skill level 1 in Polearms
  2161 | D:3      | Quit the game

Vault maps used:
D:1:      dpeg_arrival_prison, st_stairs_9, grunt_decor_one_mirror
D:2:      uniq_crazy_yiuf_cottage
D:3:      lemuel_round_altar, first_ration, saegor_snake_ambush, uniq_jessica

Skill      XL: |  1  2  3  4  5 |
---------------+----------------+-----
Hexes          | 4 |  4.5
Unarmed Combat | 1 2 |  2.0
Stealth        | 1 |  1.5
Throwing       | 3 |  3.6
Polearms       | 1 |  1.1
Fighting       | |  1.1
Dodging        | |  2.8
Spellcasting   | |  1.6

Action                   |  1- 3 |  4- 6 || total
-------------------------+-------+-------++-------
Melee: Unarmed           |   179 |    18 ||   197
       Halberd           |       |    59 ||    59
Throw: Javelin           |    34 |    22 ||    56
       Throwing net      |     2 |     1 ||     3
 Cast: Corona            |     2 |    11 ||    13
Evoke: Wand              |       |     1 ||     1
  Use: Potion            |       |     3 ||     3
       Scroll            |       |     1 ||     1
 Stab: Confused          |    12 |     1 ||    13
       Sleeping          |     1 |     1 ||     2
       Held in net/web   |       |     1 ||     1
  Eat: Chunk             |     1 |     3 ||     4
       Ration            |       |     1 ||     1
Armor: Robe              |    34 |    15 ||    49
       Skin              |       |    15 ||    15
Dodge: Dodged            |   107 |    62 ||   169
Block: Other             |    40 |    32 ||    72
       Reflection        |       |     1 ||     1

Table legend:
 A = Non-vault XP
 B = Vault XP
 C = Vault XP percentage of total XP
 D = Non-vault monster count
 E = Vault monster count
 F = Vault count percentage of total count
                 A         B        C        D         E       F
            +---------+---------+-------+---------+---------+-------
      Total |     296 |       5 |   1.7 |      64 |       4 |   5.9
            +---------+---------+-------+---------+---------+-------
        D:1 |      30 |       3 |   9.1 |      18 |       3 |  14.3
        D:2 |      54 |       0 |   0.0 |      23 |       0 |   0.0
        D:3 |     212 |       2 |   0.9 |      23 |       1 |   4.2
            +---------+---------+-------+---------+---------+-------
